 Dungeon Crawl Stone Soup version 0.27-a0-1590-g15f69828bf (webtiles) character file.

Game seed: 6177317412152005234

1369 Sin92 the Skirmisher (level 8, -2/63 HPs)
             Began as a Demonspawn Fighter on July 18, 2021.
             Slain by a centaur (3 damage)
             ... on level 6 of the Dungeon.
             The game lasted 00:06:19 (6629 turns).

Sin92 the Skirmisher (Demonspawn Fighter)           Turns: 6629, Time: 00:06:20

Health: -2/63      AC:  8    Str: 18    XL:     8   Next: 38%
Magic:  8/8        EV: 13    Int: 10    God:
Gold:   1050       SH: 10    Dex: 13    Spells: 7/7 levels left

rFire    . . .     SeeInvis .   a - +0 war axe
rCold    . . .     Faith    .   c - +0 kite shield
rNeg     . . .     Spirit   .   b - +0 scale mail
rPois    .         Reflect  .   (helmet unavailable)
rElec    .         Harm     .   q - +0 cloak
rCorr    .         Rampage  .   (no gloves)
Will     .....                  (no boots)
Stlth    ..........             (no amulet)
HPRegen  0.20/turn              g - +4 ring of slaying
MPRegen  0.11/turn              l - +4 ring of evasion

@: mighty
A: horns 3, powered by pain 2
a: no special abilities


You were on level 6 of the Dungeon.
You visited 2 branches of the dungeon, and saw 7 of its levels.

You collected 1050 gold pieces.

Inventory:

Hand Weapons
 a - a +0 war axe (weapon)
Missiles
 e - a throwing net (quivered)
Armour
 b - a +0 scale mail (worn)
 c - a +0 kite shield (worn)
 q - a +0 cloak (worn)
Jewellery
 g - a +4 ring of slaying (left hand)
 k - a ring of resist corrosion
 l - a +4 ring of evasion (right hand)
Wands
 d - a wand of iceblast (8)
Scrolls
 h - 2 scrolls of identify
 i - 3 scrolls of teleportation
 p - a scroll of amnesia
Potions
 f - a potion of heal wounds
 j - a potion of brilliance


   Skills:
 + Level 5.5 Fighting
 + Level 4.4 Axes
 + Level 5.0 Armour
 + Level 3.9 Dodging
 + Level 5.0 Shields


You had 7 spell levels left.
You didn't know any spells.
Your spell library contained the following spells:

 Spells                   Type           Power      Damage    Failure   Level
 Sting                    Tmut/Pois      0%         1d3       99%         1
 Poisonous Vapours        Pois/Air       0%         N/A       99%         2
 Slow                     Hex            0%         N/A       99%         2
 Confusing Touch          Hex            0%         N/A       100%        3
 Stone Arrow              Conj/Erth      0%         3d7       100%        3
 Vampiric Draining        Necr           0%         2d6       100%        3
 Olgreb's Toxic Radiance  Pois           0%         N/A       100%        4
 Bolt of Magma            Conj/Fire/Erth 0%         4d4       100%        5
 Shatter                  Erth           0%         3d5*      100%        9


Dungeon Overview and Level Annotations

Branches:
Dungeon (6/15)             Temple (1/1) D:4

Altars:
Ashenzari
Cheibriados
Dithmenos
Elyvilon
Fedhas
Gozag
Hepliaklqana
Kikubaaqudgha
Qazlal
Ru
Sif Muna
Uskayaw
Vehumet
Xom
Zin
The Shining One


Innate Abilities, Weirdness & Mutations

You have a pair of large horns on your head.
You sometimes gain power by taking damage.


Message History

The troll claws you. The centaur barely misses you.
You block the centaur's attack.
Your Armour skill increases to level 5!
Your Shields skill increases to level 5!
You hit the centaur.
The centaur is heavily wounded.
You slash the jelly!
Your hands burn!
You hit the troll. The jelly misses you. The troll closely misses you.
The troll claws you. The troll closely misses you.
You block the centaur's attack. The centaur barely misses you.
The jelly closely misses you. You block the troll's attack.
The troll claws you but does no damage. The troll barely misses you.
The centaur closely misses you. The centaur barely misses you.
Unknown command.
You slash the centaur!
The centaur is almost dead.
You slash the jelly!
Your hands burn!
You slash the troll! The centaur barely misses you.
You block the centaur's attack. The jelly hits you but does no damage.
You block the troll's attack. The troll claws you! The troll barely misses you.
The centaur hits you.
The centaur kicks you but does no damage.
You are too injured to fight recklessly!
You are too injured to fight recklessly!
Unknown command.
Unknown command.
You are too injured to fight recklessly!
Unknown command.
You are too injured to fight recklessly!
You slash the troll! You headbutt the troll.
The troll is almost dead.
You barely miss the centaur. You hit the jelly.
You kill the jelly!
The centaur hits you. You block the centaur's attack. The troll bites you!
* * * LOW HITPOINT WARNING * * *
You block the troll's attack. The troll claws you!
* * * LOW HITPOINT WARNING * * *
You focus on the pain.
You feel very mighty all of a sudden. The centaur hits you.
You die...

....###.###.##.##...##
.......## #..........
....#.## ##.......(.
..#.##.## ##.#.###.##
..#.###.###.##.# .# #
.(#.#
##.#.###.###.##.##
....# ##.##
#.......... ..### #.#
##.......# #.# #.#
#.@.....# #<# #.#
#cT.#...# #.# ...
#..#>#..# #.. ...
....#...# #.## #..
.(......... #.#
###..##.... ..## #..
.. ###.. .## ### ##
...


You could see a troll and a centaur.

Vanquished Creatures
  Prince Ribbit (D:5)
  Grinder (D:5)
  A water moccasin (D:4)
  A hornet zombie (D:5)
  A necrophage (D:5)
  A centaur (D:5)
  A water moccasin zombie (D:5)
  A scorpion (D:6)
  The ghost of DocClef the Covert, a weakling GnDe (D:5)
  A howler monkey (D:4)
  2 bullfrog zombies (D:5)
  A jelly (D:6)
  Crazy Yiuf (D:3)
  A bullfrog skeleton (D:5)
  2 hounds
  An iguana (D:4)
  6 gnolls (D:4)
  A howler monkey skeleton (D:5)
  An adder (D:6)
  A white imp (D:5)
  An adder skeleton (D:4)
  4 worms
  3 dart slugs
  3 orcs
  4 ball pythons
  3 endoplasms
  A giant cockroach (D:2)
  29 goblins
  21 hobgoblins
  2 jackals (D:2)
  6 quokkas
  2 bats (D:2)
  3 frilled lizards
  12 kobolds
  5 rats
126 creatures vanquished.

Notes
Turn   | Place    | Note
-------+----------+-------------------------------------------
     0 | D:1      | Sin92 the Demonspawn Fighter began the quest for the Orb.
     0 | D:1      | Reached XP level 1. HP: 18/18 MP: 1/1
   632 | D:1      | Gained mutation: You sometimes gain a little power by
                  | taking damage. [demonic ancestry]
   632 | D:1      | Reached XP level 2. HP: 12/24 MP: 2/2
  1523 | D:2      | Gained mutation: You have a pair of small horns on your
                  | head. [demonic ancestry]
  1523 | D:2      | Reached XP level 3. HP: 29/29 MP: 3/3
  1563 | D:2      | Reached skill level 1 in Dodging
  2156 | D:2      | Identified a scroll of acquirement
  2156 | D:2      | Acquired 746 gold pieces
  2621 | D:3      | Found a runed translucent door.
  2622 | D:3      | Noticed Crazy Yiuf
  2835 | D:3      | Killed Crazy Yiuf
  2836 | D:3      | Gained mutation: You have a pair of horns on your head.
                  | [demonic ancestry]
  2836 | D:3      | Reached XP level 4. HP: 35/35 MP: 4/4
  2950 | D:4      | Found a staircase to the Ecumenical Temple.
  2988 | Temple   | Entered the Ecumenical Temple
  3216 | D:4      | Gained mutation: You sometimes gain power by taking damage.
                  | [demonic ancestry]
  3216 | D:4      | Reached XP level 5. HP: 42/42 MP: 5/5
  3275 | D:4      | HP: 1/42 [iguana (8)]
  3698 | D:4      | Noticed a water moccasin
  3710 | D:4      | HP: 3/63 [poisoned by a water moccasin]
  3712 | D:4      | Killed a water moccasin
  3713 | D:4      | Reached XP level 6. HP: 3/48 MP: 6/6
  5117 | D:5      | Entered Level 5 of the Dungeon
  5136 | D:5      | Reached XP level 7. HP: 10/55 MP: 7/7
  5506 | D:5      | Noticed Grinder
  5531 | D:5      | Killed Grinder
  5532 | D:5      | Reached skill level 5 in Fighting
  6085 | D:5      | Noticed Prince Ribbit
  6101 | D:5      | Killed Prince Ribbit
  6102 | D:5      | Gained mutation: You have a pair of large horns on your
                  | head. [demonic ancestry]
  6102 | D:5      | Reached XP level 8. HP: 25/62 MP: 8/8
  6350 | D:5      | Found a runed translucent gate.
  6350 | D:5      | Found a runed translucent gate.
  6351 | D:5      | Found a runed translucent gate.
  6355 | D:5      | Noticed DocClef's ghost (weakling GnDe)
  6432 | D:5      | Killed DocClef's ghost
  6621 | D:6      | Noticed a troll
  6627 | D:6      | Reached skill level 5 in Armour
  6627 | D:6      | Reached skill level 5 in Shields
  6629 | D:6      | HP: 1/63 [troll (9)]
  6629 | D:6      | Slain by a centaur

Illustrated notes

Levels and vault maps discovered:
D:1:      roderic_chinese_lattice_arrival, layout_basic
D:2:      layout_loops_corners
D:3:      layout_rooms, st_stairs_7, uniq_crazy_yiuf_cottage
D:4:      minmay_goblin_kobold_castle, layout_rooms,
          minmay_temple_entry_sparse_star
D:5:      layout_rooms, gammafunk_ghost_necromancy, uniq_grinder,
          uniq_prince_ribbit1
D:6:      layout_loops_ring, hangedman_decor_riveting, minivault_22,
          st_stairs_14, hangedman_decor_push
Temple:   lightli_temple_of_artemis

Skill      XL: |  1  2  3  4  5  6  7  8 |
---------------+-------------------------+-----
Axes           | 2 3 4 |  4.4
Shields        | 3 4 5 |  5.0
Armour         | 3 4 5 |  5.0
Dodging        | 1 2 3 |  3.9
Fighting       | 4 5 |  5.5

Action                   |  1- 3 |  4- 6 |  7- 9 || total
-------------------------+-------+-------+-------++-------
Melee: War axe           |   114 |   112 |    69 ||   295
       Headbutt          |     6 |    20 |     8 ||    34
  Use: Scroll            |     3 |     4 |     2 ||     9
       Potion            |     1 |     5 |     3 ||     9
Armor: Scale mail        |    47 |    48 |    22 ||   117
       Skin              |       |     8 |       ||     8
Dodge: Dodged            |    32 |    63 |    56 ||   151
Block: Kite shield       |    63 |    82 |    56 ||   201

Table legend: (Time is in decaauts)
 A = Elapsed time spent in this place.
 B = Non-inter-level travel time spent in this place.
 C = Inter-level travel time spent in this place.
 D = Time resting spent in this place.
 E = Time spent auto-exploring this place.
 F = Levels seen in this place.
 G = Mean time per level.
                   A        B        C        D        E       F      G
               +--------+--------+--------+--------+--------+-----+--------+
         Total |   6806 |   6587 |    219 |   1135 |   4531 |   7 |  972.3 |
       Dungeon |   6666 |   6468 |    198 |   1135 |   4437 |   6 | 1111.0 |
        Temple |    139 |    118 |     21 |      0 |     94 |   1 |  139.0 |
               +--------+--------+--------+--------+--------+-----+--------+

Top non-repeatable levels by time:
     D:4: 2143 daAuts
     D:5: 1503 daAuts
     D:1: 1266 daAuts
     D:2: 972 daAuts
     D:3: 719 daAuts
  Temple: 139 daAuts
     D:6: 62 daAuts
